 Dungeon Crawl Stone Soup version 0.30-a0-359-gd0147acb1a (console) character file.

Game seed: 14888246478667372345

2 capslocke the Insei (level 1, -4/13 HPs)
             Began as an Octopode Transmuter on Oct 30, 2022.
             Slain by a quokka (5 damage)
             ... on level 1 of the Dungeon on Nov 12, 2022.
             The game lasted 00:00:20 (38 turns).

capslocke the Insei (Octopode Transmuter)             Turns: 38, Time: 00:00:21

Health: -4/13      AC:  1    Str:  9    XL:     1   Next: 40%
Magic:  2/3        EV: 13    Int: 15    God:
Gold:   0          SH:  0    Dex: 12    Spells: 3/4 levels left

rFire   . . .      SeeInvis .      - Unarmed
rCold   . . .      Faith    .    (no shield)
rNeg    . . .      Spirit   .    (helmet currently unavailable)
rPois   .          Reflect  .    (no amulet)
rElec   .          Harm     .    (no ring)
rCorr   .          Rampage  .    (no ring)
Will    .....                    (no ring)
Stlth   ++........               (no ring)
HPRegen 0.22/turn                (no ring)
MPRegen 0.08/turn                (no ring)
                                 (no ring)
                                 (no ring)

@: appendages (expiring)
A: tentacle spike 3, almost no armour, amphibious, 8 rings, camouflage 1,
gelatinous body 1, (nimble swimmer 1), tentacles
a: End Transformation


You were on level 1 of the Dungeon.
One of your tentacles had grown a beastly spike.
You visited 1 branch of the dungeon, and saw 1 of its levels.

Inventory:

Scrolls
 b - a scroll of fear {unknown}
Potions
 a - a potion of lignification
 c - a potion of curing {unknown}


   Skills:
 + Level 1.0 Fighting
 + Level 2.0 Dodging
 + Level 3.1 Unarmed Combat
 + Level 2.0 Spellcasting
 + Level 2.0 Transmutations


You had 3 spell levels left.
You knew the following spells:

 Your Spells              Type           Power      Damage    Failure   Level
a - Beastly Appendage     Tmut           14%        N/A       10%         1

Your spell library contained the following spells:

 Spells                   Type           Power      Damage    Failure   Level
 Wereblood                Tmut           7%         N/A       14%         2
 Spider Form              Tmut/Pois      4%         N/A       41%         3
 Ice Form                 Ice/Tmut       4%         N/A       82%         4


Dungeon Overview and Level Annotations

Branches:
Dungeon (1/15)

Altars:


Innate Abilities, Weirdness & Mutations

One of your tentacles has grown a beastly spike.
You cannot wear most types of armour.
You are amphibious.
You can wear up to eight rings at the same time.
Your skin changes colour to match your surroundings (Stealth+).
Your rubbery body absorbs attacks. (AC +1, EV +1)
((You are camouflaged when in or above water. (Stealth+)))
You have tentacles for arms and can constrict up to eight enemies at once.


Message History

Press ? for a list of commands and other information.
A hobgoblin comes into view.
The hobgoblin shouts!
Casting: Beastly Appendage (safe; 10% risk of failure)
Confirm with . or Enter, or press ? or * to list all spells.
One of your tentacles grows a vicious spike.
A quokka comes into view. x2
The quokka moves out of view.
You tentacle-slap the hobgoblin but do no damage.
You grab the hobgoblin.
You constrict the hobgoblin, but do no damage.
The hobgoblin hits you.
You tentacle-slap the hobgoblin but do no damage.
Your tentacle spike misses the hobgoblin.
You constrict the hobgoblin, but do no damage.
The hobgoblin hits you.
You tentacle-slap the hobgoblin.
The hobgoblin is moderately wounded.
You constrict the hobgoblin, but do no damage.
The hobgoblin barely misses you. The quokka bites you.
You tentacle-slap the hobgoblin but do no damage.
You squeeze the hobgoblin, but do no damage.
The hobgoblin is moderately wounded.
You constrict the hobgoblin, but do no damage.
The hobgoblin hits you. The quokka closely misses you.
You tentacle-slap the hobgoblin but do no damage.
The hobgoblin is moderately wounded.
You constrict the hobgoblin. The hobgoblin hits you.
* * * LOW HITPOINT WARNING * * *
You completely miss the hobgoblin.
The hobgoblin is severely wounded.
You constrict the hobgoblin.
You kill the hobgoblin!
The quokka bites you.
* * * LOW HITPOINT WARNING * * *
There are monsters nearby!
The quokka attacks as you move away! The quokka closely misses you.
Your transformation is almost over.
The quokka bites you.
You die...

.....~8.####..........
.<.8P.'.# ###.###...##
.....~8## #...# ..
....~~## #...# . #
.8.P~≈# #...# .# .##
~.~~≈##
#####...###.#...#
≈P~≈## ##............#
≈~≈## .........r...#.
#### ##.......@r..#
#####...###..# #...#
..# #...# ... #...#
###. ##.## # #.# #.#
#.#


You could see 2 quokkas.

Vanquished Creatures
  2 hobgoblins (D:1)
2 creatures vanquished.

Notes
Turn   | Place    | Note
-------+----------+-------------------------------------------
     0 | D:1      | capslocke the Octopode Transmuter began the quest for the
                  | Orb.
     0 | D:1      | Reached XP level 1. HP: 13/13 MP: 3/3
    28 | D:1      | Upgraded the game from 0.30-a0-331-g8ab09dc110 to
                  | 0.30-a0-359-gd0147acb1a
    38 | D:1      | Slain by a quokka

Illustrated notes

Levels and vault maps discovered:
D:1:      lightli_arrival_statuegarden, layout_loops_cross, serial_bayou,
          serial_bayou_shore_a, serial_bayou_crossing, serial_bayou_lagoon_a,
          serial_bayou_shore_b, serial_bayou_shore_b, minmay_ruptured

Action                   || total
-------------------------++-------
Melee: Unarmed           ||     7
       Constrict         ||     2
       Tentacles         ||     2
 Cast: Beastly Appendage ||     1
Dodge: Dodged            ||     3

Table legend: (Time is in decaauts)
 A = Elapsed time spent in this place.
 B = Non-inter-level travel time spent in this place.
 C = Inter-level travel time spent in this place.
 D = Time resting spent in this place.
 E = Time spent auto-exploring this place.
 F = Levels seen in this place.
 G = Mean time per level.
                   A        B        C        D        E       F      G
               +--------+--------+--------+--------+--------+-----+--------+
         Total |     37 |     37 |      0 |      0 |     19 |   1 |   37.0 |
       Dungeon |     37 |     37 |      0 |      0 |     19 |   1 |   37.0 |
               +--------+--------+--------+--------+--------+-----+--------+

Top non-repeatable levels by time:
     D:1: 37 daAuts
